 Dungeon Crawl Stone Soup version 0.20-a0-463-g5747544 (webtiles) character file.

440 mopl the Insei (level 7, -1/49 HPs)
             Began as a Barachian Transmuter on Jan 10, 2017.
             Slain by a centaur skeleton (8 damage)
             ... on level 4 of the Dungeon.
             The game lasted 00:08:26 (4797 turns).

mopl the Insei (Barachian Transmuter)               Turns: 4797, Time: 00:08:27

Health: -1/49      AC:  2    Str:  9    XL:     7   Next: 2%
Magic:  10/10      EV: 20    Int: 12    God:
Gold:   140        SH:  0    Dex: 17    Spells: 4/10 levels left

rFire  . . .     SeeInvis .       - Unarmed
rCold  . . .     Gourm    .     (armour currently unavailable)
rNeg   + . .     Faith    .     (shield currently unavailable)
rPois  x         Spirit   .     (helmet currently unavailable)
rElec  .         Reflect  .     (cloak currently unavailable)
rCorr  +         Harm     .     (gloves currently unavailable)
MR     .....                    (boots currently unavailable)
Stlth  +.........               (no amulet)
                                k - ring of resist corrosion
                                m - ring of positive energy

@: confused, lethally poisoned (-1 -> -18), spider-form (expiring)
A: swims, (slowness 0), (strong legs 0)
a: End Transformation


You were on level 4 of the Dungeon.
You were not hungry.
You were a venomous arachnid creature.
You visited 1 branch of the dungeon, and saw 4 of its levels.

You collected 140 gold pieces.

Inventory:

Hand Weapons
 o - a +4 short sword of speed
 x - a +1 spear of venom (melded)
Missiles
 a - 65 arrows
 g - 60 stones (quivered)
 i - 27 poisoned needles
 z - 7 tomahawks
Armour
 b - a +0 robe
 e - a +0 pair of gloves (melded)
 n - a +1 pair of boots (melded)
 t - a +0 animal skin (melded)
 u - a +0 helmet (melded)
Jewellery
 k - a ring of resist corrosion (right front leg)
 m - a ring of positive energy (left front leg)
Wands
 f - a wand of flame (29/48)
Scrolls
 h - a scroll of enchant armour
 p - a scroll of identify
 s - 2 scrolls of remove curse
 w - a scroll of enchant weapon {unknown}
 y - 2 scrolls of teleportation
Potions
 q - a potion of cancellation
 A - a potion of flight
Books
 c - a book of Changes

   Spells                             Type                      Level
   a - Beastly Appendage              Transmutation                1
   b - Sticks to Snakes               Transmutation                2
   c - Spider Form                    Transmutation/Poison         3
   d - Ice Form                       Ice/Transmutation            4
   e - Blade Hands                    Transmutation                5
Comestibles
 d - 5 bread rations
 l - 3 meat rations
 v - 8 fruits


   Skills:
 + Level 1.8 Fighting
 + Level 2.5 Dodging
 * Level 5.4 Unarmed Combat
 - Level 2.0 Spellcasting
 - Level 4.5 Transmutations
 - Level 2.2 Poison Magic


You had 4 spell levels left.
You knew the following spells:

 Your Spells              Type           Power        Failure   Level  Hunger
a - Beastly Appendage     Tmut           ##....       14%         1    ##.....
b - Spider Form           Tmut/Pois      #.........   45%         3    ####...
w - Sticks to Snakes      Tmut           ##......     21%         2    ###....


Dungeon Overview and Level Annotations

Branches:
Dungeon (4/15)
 Temple: D:4-7

Altars:


Innate Abilities, Weirdness & Mutations

You can swim through water.
((You cover ground slowly.))
((You can hop short distances.))


Message History

Unknown command.
You bite Blork the orc!
Blork the orc looks as sick as possible!
Blork the orc is almost dead.
* * * LOW HITPOINT WARNING * * *
You feel sick. Blork the orc completely misses you.
The centaur skeleton closely misses you.
Blork the orc points at you and mumbles some strange words.
The puff of frost misses you.
You bite Blork the orc!
You kill Blork the orc!
You have reached level 7!
* * * LOW HITPOINT WARNING * * *
You feel sick.
The centaur skeleton hits you but does no damage.
You are confused.
You feel invigorated.
* * * LOW HITPOINT WARNING * * *
You feel sick. The centaur skeleton hits you!
You die...

.....#
#..########
#.#.##
#..........
.....#
#...######.
#.#.#..
#...<.# #
####
#.....# .
##....###
#.......#
#....(..#
#.....s.#
#.....)Z..#
+.......###
#........
#####+##..
#.. ...
PP.#


You could see a centaur skeleton.

Vanquished Creatures
  Blork the orc (D:4)
  A hound (D:3)
  2 orc priests (D:3)
  Ijyb (D:2)
  Terence (D:2)
  Robin (D:2)
  3 gnolls
  7 adders
  A worm (D:2)
  4 dart slugs
  6 leopard geckos
  7 orcs
  3 giant cockroaches
  12 goblins
  11 hobgoblins
  10 jackals
  10 kobolds
  2 quokkas (D:2)
  12 bats
  A frilled lizard (D:2)
  11 rats
107 creatures vanquished.

Notes
Turn   | Place    | Note
-------+----------+-------------------------------------------
     0 | D:1      | mopl the Barachian Transmuter began the quest for the Orb.
     0 | D:1      | Reached XP level 1. HP: 15/15 MP: 3/3
    78 | D:1      | Reached XP level 2. HP: 14/21 MP: 5/5
   275 | D:1      | Learned a level 2 spell: Sticks to Snakes
   823 | D:1      | Reached XP level 3. HP: 16/26 MP: 6/6
   964 | D:1      | Learned a level 3 spell: Spider Form
  1366 | D:2      | Reached skill level 3 in Transmutations
  1529 | D:2      | Noticed Ijyb
  1586 | D:2      | Killed Ijyb
  1586 | D:2      | Reached skill level 1 in Poison Magic
  1586 | D:2      | Reached XP level 4. HP: 32/32 MP: 3/7
  1926 | D:2      | Reached skill level 4 in Unarmed Combat
  2551 | D:2      | Reached XP level 5. HP: 33/37 MP: 1/8
  2571 | D:2      | Noticed Robin
  2598 | D:2      | Killed Robin
  2827 | D:2      | Noticed Terence
  2843 | D:2      | Killed Terence
  2843 | D:2      | Reached skill level 2 in Poison Magic
  2954 | D:2      | Reached skill level 4 in Transmutations
  3506 | D:3      | Reached XP level 6. HP: 19/43 MP: 3/9
  4271 | D:3      | Reached skill level 5 in Unarmed Combat
  4786 | D:4      | Noticed Blork the orc
  4796 | D:4      | Killed Blork the orc
  4796 | D:4      | Reached XP level 7. HP: 6/49 MP: 6/10
  4797 | D:4      | Slain by a centaur skeleton

Vault maps used:
D:1:      eino_arrival_cavern_e, kennysheep_small_spiral, glass_columns_a
D:2:      uniq_terence, uniq_iyjb, uniq_robin
D:3:      first_bread, nrook_mini_backslash, minmay_misc_feat_four_crosses
D:4:      st_stairs_10, uniq_duvessa, uniq_crazy_yiuf_cottage,
          uniq_blork_the_orc

Skill      XL: |  1  2  3  4  5  6 |
---------------+-------------------+-----
Transmutations | 3 4 |  4.5
Poison Magic   | 1 2 |  2.2
Unarmed Combat | 4 5 |  5.4
Fighting       | |  1.8
Dodging        | |  2.5
Spellcasting   | |  2.0

Action                   |  1- 3 |  4- 6 |  7- 9 || total
-------------------------+-------+-------+-------++-------
Melee: Unarmed           |   121 |   271 |       ||   392
       Kick              |     3 |       |       ||     3
       Punch             |     1 |       |       ||     1
       Headbutt          |     2 |       |       ||     2
       Long sword        |       |    16 |       ||    16
       Spear             |       |    33 |       ||    33
 Cast: Beastly Appendage |    13 |     2 |       ||    15
       Spider Form       |     2 |    16 |       ||    18
       Sticks to Snakes  |       |     2 |       ||     2
 Abil: End Transformatio |     1 |     1 |       ||     2
       Hop               |       |     1 |       ||     1
  Use: Potion            |     1 |     1 |     1 ||     3
       Scroll            |       |    10 |       ||    10
 Stab: Sleeping          |     1 |     2 |       ||     3
  Eat: Chunk             |     3 |    15 |       ||    18
Armor: Robe              |    19 |    18 |       ||    37
       Skin              |       |     9 |     1 ||    10
       Animal skin       |       |    65 |       ||    65
Dodge: Dodged            |    96 |   269 |       ||   365
       Rpst.: Long sword |       |     3 |       ||     3
